 Dungeon Crawl Stone Soup version 0.19-a0-811-gf4045fb (console) character file.

196 brucemayne the Chopper (level 5, 0/58 HPs)
             Began as a Vampire Berserker on June 28, 2016.
             Was a Believer of Trog.
             Slain by an orc warrior
             ... wielding a +0 glaive
              (12 damage)
             ... on level 6 of the Dungeon.
             The game lasted 00:04:31 (1409 turns).

brucemayne the Chopper (Vampire Berserker)          Turns: 1409, Time: 00:04:31

Health: 0/58       AC:  6    Str: 22    XL:     5   Next: 46%
Magic:  5/5        EV: 11    Int:  9    God:    Trog [**....]
Gold:   102        SH:  0    Dex: 14    Spells: 0 memorised, 4 levels left

rFire  . . .     SeeInvis +     a - +0 hand axe
rCold  . . .     Gourm    .     i - +0 scale mail
rNeg   + . .     Faith    .     (no shield)
rPois  .         Spirit   .     (no helmet)
rElec  .         Dismiss  .     (no cloak)
rCorr  .         Reflect  .     (no gloves)
SustAt .         Harm     .     (no boots)
MR     ++...                    (no amulet)
Stlth  ..........               (no ring)
                                m - ring of stealth

@: berserking (expiring), regenerating, very quick, very resistant to hostile
enchantments, extremely unstealthy
A: fangs 3, see invisible, unbreathing
a: Bat Form, Berserk, Trog's Hand, Burn Spellbooks, Renounce Religion


You were on level 6 of the Dungeon.
You worshipped Trog.
Trog was pleased with you.
You were not thirsty.

You visited 1 branch of the dungeon, and saw 7 of its levels.

You collected 102 gold pieces.

Inventory:

Hand Weapons
 a - a +0 hand axe (weapon)
Missiles
 o - 2 poisoned needles
Armour
 b - a +0 animal skin
 i - a +0 scale mail (worn)
Jewellery
 m - a ring of stealth (left hand)
 r - an uncursed ring of wizardry {unknown}
Wands
 g - a wand of confusion (48/48)
Scrolls
 d - a scroll of enchant weapon {unknown}
 e - 2 scrolls of recharging
 f - a scroll of remove curse
 j - a scroll of teleportation {unknown}
 k - a scroll of random uselessness {unknown}
 l - a scroll of noise
 q - a scroll of identify {unknown}
 s - a scroll of fear {unknown}
Potions
 c - 6 potions of blood
 h - a potion of brilliance {unknown}
 n - a potion of beneficial mutation {unknown}
 p - 2 potions of curing {unknown}
 t - a potion of degeneration {unknown}


   Skills:
 - Level 2.6 Fighting
 + Level 5.7 Axes
 - Level 1.5 Armour
 - Level 2.1 Dodging


You had 4 spell levels left.
You didn't know any spells.

Dungeon Overview and Level Annotations

Branches:
Dungeon (7/15)
 Temple: D:4-7

Altars:
Ashenzari
Fedhas
Kikubaaqudgha
Vehumet

Annotations:
D:4 exclusion: statue


Innate Abilities, Weirdness & Mutations

You have razor-sharp teeth.
You have supernaturally acute eyesight. (SInv)
You can survive without breathing.


Message History

The orc wizard is almost dead.
The orc wizard hits you but does no damage.
The orc warrior hits you from afar with a glaive!
You slash the orc wizard!
You kill the orc wizard!
Trog accepts your kill.
Trog appreciates your killing of a magic user.
The orc warrior hits you with a glaive!
* * * LOW HITPOINT WARNING * * *
Things that are here:
a dagger; a robe; a scroll labeled LEGEIL ENAA You closely miss the orc warrior.
The orc warrior barely misses you.
You closely miss the orc warrior. You barely miss the orc warrior.
The orc warrior barely misses you.
You slash the orc warrior! Your bite misses the orc warrior.
The orc warrior is heavily wounded.
You barely miss the orc warrior.
The orc warrior is heavily wounded.
The orc warrior hits you with a glaive!
You die...

#.### #.##.....# ##.
#.## #.##...... .. #....
#.##...... ##.##..#.
#.##......
...#..#.###.##....##
#####..#..#...(........#
.......?.............>..
.......o...............#
######@####.#####......
#.................#.##.
#.#####.###.#######.##.
#.# #..##.# ...... #.#
##.##)# #####. #.#
#.##.# #. #.# #.##.# #.
#.# #..#.# #. #.# #.#.#
#.


You could see an orc warrior.

Vanquished Creatures
  A howler monkey (D:6)
  A giant frog zombie (D:6)
  A jelly (D:7)
  An orc wizard (D:6)
  A worker ant (D:4)
  2 adders
  A dart slug (D:2)
  A ball python (D:2)
  4 bats
  A giant cockroach (D:6)
  3 goblins
  A hobgoblin (D:2)
  3 jackals (D:6)
  A quokka (D:6)
  A giant gecko zombie (D:6)
  2 giant newts
  A rat (D:3)
26 creatures vanquished.

Notes
Turn   | Place    | Note
--------------------------------------------------------------
     0 | D:1      | brucemayne the Vampire Berserker began the quest for the Orb.
     0 | D:1      | Reached XP level 1. HP: 17/17 MP: 1/1
    91 | D:2      | Reached skill level 3 in Axes
    99 | D:2      | Reached XP level 2. HP: 15/23 MP: 2/2
   525 | D:3      | Found an ancient bone altar of Kikubaaqudgha.
   850 | D:4      | Reached skill level 4 in Axes
   850 | D:4      | Reached XP level 3. HP: 28/28 MP: 3/3
   884 | D:4      | Noticed a phantom
   887 | D:4      | Found a radiant altar of Vehumet.
   887 | D:4      | Noticed a charred statue
   894 | D:4      | Found a shattered altar of Ashenzari.
   950 | D:5      | Entered Level 5 of the Dungeon
  1023 | D:6      | Reached XP level 4. HP: 27/34 MP: 4/4
  1055 | D:6      | Reached ** piety under Trog
  1083 | D:6      | Noticed a slave
  1102 | D:6      | Reached skill level 5 in Axes
  1217 | D:7      | Reached XP level 5. HP: 36/39 MP: 5/5
  1313 | D:6      | Noticed an orc warrior
  1364 | D:6      | Found a blossoming altar of Fedhas.
  1409 | D:6      | Slain by an orc warrior

Vault maps used:
D:1:      eino_arrival_water_cross, serial_bayou_lake_a
D:2:      grunt_temple_overflow_diamond, minmay_strange_pillars, uniq_natasha
D:3:      lemuel_coloured_pillars_altar, first_bread, st_stairs_12
D:4:      minmay_shop_grove, vehumet_statue, nicolae_ashenzari_panopticon
D:5:      tso_altar
D:6:      nrook_uturn, fedhas_altar_3, uniq_pikel
D:7:      serial_shops, nicolae_shop_stone

Skill      XL: |  1  2  3  4 |
---------------+-------------+-----
Axes           | 3 4 5 |  5.7
Fighting       | |  2.6
Armour         | |  1.5
Dodging        | |  2.1

Action                   |  1- 3 |  4- 6 || total
-------------------------+-------+-------++-------
Melee: Hand axe          |    62 |    58 ||   120
       Bite              |     4 |     5 ||     9
Invok: Berserk           |     2 |     3 ||     5
       Trog's Hand       |       |     1 ||     1
  Use: Potion            |     4 |     3 ||     7
       Scroll            |       |     3 ||     3
Armor: Animal skin       |    11 |       ||    11
       Scale mail        |    16 |    31 ||    47
Dodge: Dodged            |    50 |    35 ||    85
